 Dungeon Crawl Stone Soup version 0.29.1-1-gd02db6906a (webtiles) character file.

Game seed: 9909077176030221602

980 GigaChad the Covered (level 7, -4/61 HPs)
             Began as a Minotaur Fighter on Oct 7, 2022.
             Slain by an orc warrior
             ... wielding a +0 dire flail
              (6 damage)
             ... on level 6 of the Dungeon.
             The game lasted 00:12:14 (6598 turns).

GigaChad the Covered (Minotaur Fighter)             Turns: 6598, Time: 00:12:14

Health: -4/61      AC: 12    Str: 23    XL:     7   Next: 96%
Magic:  6/6        EV:  8    Int:  5    God:
Gold:   302        SH:  5    Dex: 15    Spells: 6/6 levels left

rFire   . . .      SeeInvis .   v - +9 spear of the Eternal Void {vorpal, Drain Will+ Dex+6}
rCold   . . .      Faith    .   c - +0 buckler
rNeg    . . .      Spirit   .   m - +2 chain mail
rPois   .          Reflect  .   (helmet restricted)
rElec   .          Harm     .   (no cloak)
rCorr   .          Rampage  .   (no gloves)
Will    +....                   (no boots)
Stlth   ..........              (no amulet)
HPRegen 0.20/turn               (no ring)
MPRegen 0.10/turn               (no ring)

@: no status effects
A: horns 2, retaliatory headbutt
a: no special abilities


You were on level 6 of the Dungeon.
You visited 1 branch of the dungeon, and saw 6 of its levels.

You collected 302 gold pieces.

Inventory:

Hand Weapons
 a - a +0 long sword
 v - the +9 spear of the Eternal Void (weapon) {vorpal, Drain Will+ Dex+6}
   (You found it on level 3 of the Dungeon)

   It inflicts extra damage upon your enemies.
   Dex:       It affects your dexterity (+6).
   Drain:     It drains your maximum health when unequipped.
   Will:      It increases your willpower.
Missiles
 t - 2 throwing nets (quivered)
 x - 5 curare-tipped darts
Armour
 b - a +0 scale mail
 c - a +0 buckler (worn)
 m - a +2 chain mail (worn)
Wands
 A - a wand of mindburst (15)
Scrolls
 g - a scroll of summoning
 i - a scroll of poison {unknown}
 p - 3 scrolls of teleportation
 u - a scroll of identify
 y - a scroll of torment {unknown}
 z - 2 scrolls of blinking {unknown}
Potions
 d - a potion of might
 e - 2 potions of brilliance {unknown}
 f - a potion of attraction {unknown}
 j - 2 potions of invisibility {unknown}
 k - a potion of mutation {unknown}
 l - 5 potions of curing {unknown}
 n - a potion of flight {unknown}
 o - a potion of berserk rage {unknown}
 q - 3 potions of lignification {unknown}
 s - a potion of degeneration {unknown}
 w - a potion of haste {unknown}


   Skills:
 + Level 5.2 Fighting
 + Level 5.2 Long Blades
 + Level 4.6 Polearms
 + Level 7.2 Armour
 + Level 1.8 Dodging
 + Level 0.5 Stealth
 + Level 5.1 Shields


You had 6 spell levels left.
You didn't know any spells.
Your spell library contained the following spells:

 Spells                   Type           Power      Damage    Failure   Level
 Apportation              Tloc           0%         N/A       99%         1
 Necrotise                Necr           0%         1d4       99%         1
 Summon Small Mammal      Summ           0%         N/A       99%         1
 Scorch                   Fire           0%         2d5       100%        2
 Flame Wave               Conj/Fire      0%         2d4       100%        4
 Summon Cactus Giant      Summ           0%         N/A       100%        6


Dungeon Overview and Level Annotations

Branches:
Dungeon (6/15)
 Temple: D:4-7

Altars:
Fedhas
Kikubaaqudgha
Qazlal
Sif Muna
Trog

Shops:
D:4 !

Annotations:
D:5 1 transporter


Innate Abilities, Weirdness & Mutations

You have a pair of horns on your head.
You reflexively headbutt those who attack you in melee.


Message History

Found a ring mail.
Found a stone staircase leading down.
Things that are here:
a +0 scythe; a +0 robe; the human corpse of Sigmund You see here an iguana corpse.
You see here an iguana corpse.
Things that are here:
a +0 scythe; a +0 robe; the human corpse of Sigmund An orc warrior comes into view.
It is wielding a +0 dire flail.
The orc warrior shouts!
You hear a shout!
An orc comes into view. It is wielding a +0 hand axe.
Found a scroll labelled ZUTATE HUQULLE.
The orc shouts!
The orc warrior attacks as you move away!
The orc warrior hits you with a +0 dire flail!
A bullfrog comes into view.
The bullfrog gives a loud, deep croak!
The bullfrog moves out of view.
The orc warrior attacks as you move away!
The orc warrior hits you with a +0 dire flail!
An orc comes into view.
It is wielding a +0 short sword of venom.
The orc warrior drinks a potion.
The orc warrior seems to grow stronger.
You see here a green potion.
The bullfrog hits you but does no damage.
The orc warrior hits you with a +0 dire flail!
You closely miss the orc warrior.
You headbutt the orc warrior, but do no damage.
The bullfrog hits you but does no damage.
The orc warrior hits you with a +0 dire flail!!
* * * LOW HITPOINT WARNING * * *
You hit the orc warrior.
The orc warrior is lightly wounded.
You block the bullfrog's attack.
The bullfrog hits you but does no damage.
The orc warrior hits you with a +0 dire flail!
* * * LOW HITPOINT WARNING * * *
You hit the orc warrior but do no damage.
The orc warrior is lightly wounded.
You block the bullfrog's attack.
The orc warrior hits you with a +0 dire flail.
You die...

#.#..## #....>.......
###....
#...........####......
#?.[........#PP.....PP
#...........#._..P..##
#.........##P.P##..#
#......########...#
#..F...##.####.###
#!@o......)†...#
##.o.....#######
.....o.....#
###........#
##........#
#..........#
#............
#............


You could see an orc warrior (strong), a bullfrog and 2 orcs.

Vanquished Creatures
  Sigmund (D:6)
  Duvessa (D:4)
  A bullfrog (D:4)
  Dowan (D:4)
  A jelly (D:5)
  An orc priest (D:4)
  3 hounds (D:4)
  A gnoll bouda (D:5)
  2 orc wizards
  3 iguanas
  10 adders
  7 gnolls
  A white imp (D:6)
  3 ufetubi (D:5)
  2 worms (D:2)
  2 dart slugs
  12 orcs
  6 ball pythons
  3 bats
  8 endoplasms
  A giant cockroach (D:2)
  11 goblins
  4 hobgoblins
  3 jackals (D:3)
  6 kobolds
  4 quokkas
  2 training dummies (D:4)
  3 frilled lizards
  4 rats
107 creatures vanquished.

Vanquished Creatures (others)
  A fungus (D:3)
  4 plants
5 creatures vanquished.

Grand Total: 112 creatures vanquished

Notes
Turn   | Place    | Note
-------+----------+-------------------------------------------
     0 | D:1      | GigaChad the Minotaur Fighter began the quest for the Orb.
     0 | D:1      | Reached XP level 1. HP: 19/19 MP: 0/0
   209 | D:1      | Reached XP level 2. HP: 25/27 MP: 1/1
   501 | D:1      | Reached skill level 4 in Armour
  1061 | D:2      | Reached XP level 3. HP: 18/33 MP: 2/2
  1455 | D:2      | Found a blossoming altar of Fedhas.
  1773 | D:2      | Reached XP level 4. HP: 37/40 MP: 3/3
  2202 | D:3      | Found a faded altar of an unknown god.
  2599 | D:3      | Identified the +9 spear of the Eternal Void {vorpal, Drain
                  | Will+ Dex+6}
  2657 | D:3      | Found a bloodstained altar of Trog.
  2711 | D:3      | Reached skill level 1 in Dodging
  2972 | D:4      | Reached XP level 5. HP: 47/47 MP: 4/4
  2973 | D:4      | Found Wosmoz's Distillery.
  3106 | D:4      | Found a stormy altar of Qazlal.
  3148 | D:4      | Reached skill level 5 in Armour
  3203 | D:4      | Reached skill level 1 in Polearms
  3341 | D:4      | Reached XP level 6. HP: 25/53 MP: 5/5
  3532 | D:4      | Noticed Duvessa
  3532 | D:4      | Noticed Dowan
  3537 | D:4      | Killed Duvessa
  3541 | D:4      | Killed Dowan
  3542 | D:4      | Reached skill level 5 in Long Blades
  3947 | D:5      | Entered Level 5 of the Dungeon
  3949 | D:5      | Found a transporter.
  4788 | D:4      | Reached XP level 7. HP: 12/60 MP: 6/6
  5071 | D:4      | Reached skill level 6 in Armour
  5811 | D:5      | Reached skill level 5 in Fighting
  6228 | D:5      | Found a shimmering blue altar of Sif Muna.
  6528 | D:6      | Found a blossoming altar of Fedhas.
  6537 | D:6      | Found an ancient bone altar of Kikubaaqudgha.
  6552 | D:6      | Noticed Sigmund
  6571 | D:6      | Killed Sigmund
  6572 | D:6      | Reached skill level 7 in Armour
  6572 | D:6      | Reached skill level 5 in Shields
  6597 | D:6      | HP: 2/61 [orc warrior/+0 dire flail (10)]
  6598 | D:6      | Slain by an orc warrior

Illustrated notes

Levels and vault maps discovered:
D:1:      heliophobic_arrival_henge, layout_loops_ring, chequers_jeans,
          minmay_misc_feat_enclosed, kennysheep_nondescript
D:2:      minmay_door_path, layout_basic, basic_altar, nrook_loot_triangle
D:3:      layout_basic, trog_three_pillars_becter,
          shapermc_ecumenical_altar_mp_ritualfount
D:4:      dreamdust_elfheim, layout_gridville, grunt_qazlal_clouds,
          serial_shops, nicolae_diamond_shop, patterned_corridor
D:5:      layout_basic, mainiacjoe_overflow_surrounded_room,
          gammafunk_ghost_stat_death, serial_aquarium, aquarium_bridge_straight
          [aquarium_subvault_bridge, aquarium_subvault_window,
          aquarium_subvault_bridge, aquarium_subvault_window],
          aquarium_window_1, aquarium_window_fake, aquarium_window_1,
          aquarium_view_2c, serial_bayou_pond_b, minmay_crossroads, uniq_duvessa
D:6:      layout_cave_pods, grunt_temple_overflow_growth_and_decay,
          roderic_roman_lattice, minmay_misc_feat_iff, minmay_starry_boxes,
          uniq_sigmund, uniq_crazy_yiuf_cottage

Skill      XL: |  1  2  3  4  5  6  7 |
---------------+----------------------+-----
Shields        | 4 5 |  5.1
Armour         | 4 5 7 |  7.2
Fighting       | 4 5 |  5.2
Long Blades    | 3 4 5 |  5.2
Dodging        | 1 |  1.8
Polearms       | 2 3 4 |  4.6
Stealth        | |  0.5

Action                   |  1- 3 |  4- 6 |  7- 9 || total
-------------------------+-------+-------+-------++-------
Melee: Long sword        |    86 |    54 |       ||   140
       Headbutt          |    11 |    23 |    10 ||    44
       Spear             |       |    60 |    55 ||   115
  Use: Scroll            |     1 |       |     6 ||     7
Armor: Scale mail        |    40 |       |       ||    40
       Chain mail        |    18 |    76 |    35 ||   129
Dodge: Dodged            |    55 |    56 |    17 ||   128
Block: Buckler           |    30 |    24 |    19 ||    73
